Map: 贝克特工业-天梯版

Players

怎么玩 - Winner!

  • Race: Terran Terran
  • League: Platinum

kolo

  • Race: Zerg Zerg

VOD

Have the link to the VOD?

Description

Time

  • Played on: May 9, 2021, 5:05 a.m.
  • Length: 7:57
Show
View Real Time Build Order
Export as new Build Order

怎么玩 Terran - Winner!

Build Orders: Reaper Expand 

Get SALT Encoding   

  12  0:00  SCV  
  13  0:13  SCV  
  14  0:17  Supply Depot  
  14  0:25  SCV  
  15  0:39  SCV  
  15  0:41  Barracks  
  16  0:46  Refinery  
  16  0:51  SCV  
  17  1:05  SCV  
  18  1:17  SCV  
  19  1:30  Orbital Command  
  19  1:31  Reaper  
  20  1:50  Command Center  
  20  1:55  SCV  
  21  2:03  Barracks  
  21  2:07  Barracks Reactor, Refinery  
  21  2:10  SCV  
  22  2:18  Supply Depot  
  22  2:26  Factory  
  22  2:28  SCV  
  23  2:44  SCV  
  23  2:45  Marine x2  
  26  2:56  SCV  
  27  3:05  Barracks Tech Lab  
  26  3:08  SCV  
  27  3:13  Marine x2  
  29  3:20  SCV, Factory Reactor  
  29  3:23  Starport  
  29  3:24  Orbital Command  
  30  3:27  Marine  
  30  3:29  Stimpack  
  30  3:31  Marine  
  32  3:44  Marine  
  32  3:45  Marine  
  34  3:49  SCV  
  34  3:53  SCV  
  36  3:58  Supply Depot  
  36  4:00  Marine  
  36  4:01  SCV  
  38  4:05  SCV  
  39  4:11  Marine x2  
  39  4:13  Factory Tech Lab  
  39  4:15  SCV  
  42  4:17  SCV  
  42  4:21  Supply Depot  
  43  4:24  Marine  
  43  4:27  SCV  
  43  4:29  SCV, Marine  
  47  4:36  Medivac  
  47  4:37  Medivac  
  51  4:39  SCV  
  51  4:41  SCV, Marine  
  51  4:42  Marine  
  55  4:51  SCV, Marine  
  55  4:52  Refinery  
  57  4:53  SCV, Refinery  
  57  4:58  Marine  
  59  5:03  Supply Depot, SCV  
  59  5:04  Marine  
  59  5:05  SCV  
  62  5:24  Marine  
  62  5:25  SCV x2, Siege Tank  
  62  5:26  Marine  
  62  5:27  Marine  
  70  5:33  Barracks  
  70  5:35  Barracks  
  70  5:39  Combat Shield  
  70  5:45  Supply Depot  
  70  5:49  Supply Depot  
  70  5:58  Marine  
  70  6:07  SCV x2, Marine x2, Siege Tank  
  77  6:16  Marine  
  78  6:19  SCV x2  
  78  6:24  Marine x2  
  82  6:31  SCV x2  
  78  6:33  Marine x3  
  78  6:39  Siege Tank  
  84  6:42  Marine  
  84  6:43  SCV  
  86  6:56  SCV  
  86  6:57  SCV  
  84  7:08  SCV  
  83  7:09  SCV  
  83  7:11  Siege Tank  
  84  7:19  Medivac x2  
  84  7:20  SCV  
  84  7:21  SCV  
  85  7:31  Marine  
  85  7:36  Supply Depot  
  86  7:38  Supply Depot, Command Center  
  86  7:39  Supply Depot  
  86  7:41  Engineering Bay x2  
Show
View Real Time Build Order
Export as new Build Order

kolo Zerg 

Build Orders: Hatch First, Muta Ling Bane 

Get SALT Encoding   

  12  0:03  Drone  
  13  0:13  Overlord  
  13  0:19  Drone  
  14  0:44  Hatchery  
  14  0:47  Drone  
  14  0:50  Drone  
  14  0:54  Drone  
  16  1:02  Extractor  
  15  1:13  Spawning Pool  
  15  1:16  Drone  
  15  1:20  Drone  
  17  1:25  Drone  
  17  1:31  Drone  
  18  1:42  Drone  
  19  1:51  Overlord  
  19  2:00  Queen x2  
  23  2:03  Zergling x2  
  23  2:06  Zergling x2  
  25  2:20  Drone x3  
  28  2:22  Metabolic Boost  
  28  2:46  Hatchery  
  28  2:51  Queen  
  29  3:05  Drone  
  29  3:06  Drone x4  
  34  3:18  Drone, Overlord  
  35  3:23  Drone  
  36  3:36  Overlord  
  36  3:37  Drone  
  36  3:38  Drone x2  
  36  3:39  Lair  
  39  3:48  Queen  
  41  4:00  Drone x7  
  41  4:01  Drone  
  49  4:10  Baneling Nest  
  49  4:12  Evolution Chamber  
  49  4:13  Drone x2  
  49  4:19  Extractor  
  48  4:29  Queen  
  50  4:37  Drone  
  50  4:38  Overlord x3, Drone x4  
  55  4:42  Zerg Melee Weapons Level 1  
  55  4:48  Extractor  
  55  4:49  Extractor  
  55  4:52  Drone x2  
  55  4:56  Centrifical Hooks  
  55  4:59  Zergling x8  
  59  5:02  Overseer  
  59  5:05  Drone  
  60  5:07  Drone x2  
  62  5:21  Drone  
  62  5:22  Drone x9  
  72  5:35  Extractor  
  71  5:36  Spire, Extractor  
  71  5:42  Drone  
  70  5:43  Drone x4  
  73  6:04  Zergling x2  
  73  6:05  Zergling x18  
  73  6:06  Baneling  
  73  6:07  Baneling x3  
  75  6:14  Queen  
  67  6:39  Hatchery  
  57  6:40  Queen  
  57  6:41  Hatchery  
  57  6:47  Baneling x6, Mutalisk x3  
  58  6:48  Mutalisk x2  
  68  7:00  Queen  
  65  7:07  Spawning Pool  
  63  7:24  Drone  
  63  7:25  Drone x5  
  66  7:43  Spire  
Tags
 
Add a new tag
Caveats
  • Supply blocks, unpowered buildings, or Contaminate may cause inaccurate times.
  • Supply counts are checked every 10 seconds.